 Dungeon Crawl Stone Soup version 0.20.1-1-g8b1a95d (webtiles) character file.

18 Inarius the Chiller (level 2, -3/20 HPs)
             Began as a Demigod Ice Elementalist on Dec 26, 2017.
             Slain by Robin
             ... wielding a +0 spear
              (6 damage)
             ... on level 2 of the Dungeon.
             The game lasted 00:02:48 (1311 turns).

Inarius the Chiller (Demigod Ice Elementalist)      Turns: 1311, Time: 00:02:48

Health: -3/20      AC:  3    Str: 11    XL:     2   Next: 36%
Magic:  2/7        EV: 12    Int: 19    God:
Gold:   55         SH:  0    Dex: 16    Spells: 2/5 levels left

rFire    . . .     SeeInvis .   g - +0 whip
rCold    . . .     Gourm    .   (no shield)
rNeg     . . .     Faith    .   j - +0 leather armour
rPois    .         Spirit   .   (no helmet)
rElec    .         Reflect  .   (no cloak)
rCorr    .         Harm     .   (no gloves)
MR       .....                  (no boots)
Stlth    +++.......             (no amulet)
Regen    0.1/turn               h - ring of stealth
MPRegen  0.1/turn               (no ring)

@: lethally poisoned (-3 -> -7), hasted, very quick
A: high mp 1
a: no special abilities


You were on level 2 of the Dungeon.
You were hungry.

You visited 1 branch of the dungeon, and saw 2 of its levels.

You collected 55 gold pieces.

Inventory:

Hand Weapons
 g - a +0 whip (weapon)
Armour
 j - a +0 leather armour (worn)
 k - a cursed +0 chain mail
Jewellery
 h - a ring of stealth (left hand)
Scrolls
 a - 2 scrolls of remove curse {unknown}
 e - a scroll of magic mapping {unknown}
 i - a scroll of identify {unknown}
Potions
 f - 2 potions of ambrosia {unknown}
Books
 b - a book of Frost

   Spells                             Type                      Level
   a - Freeze                         Ice                          1
   b - Throw Frost                    Conjuration/Ice              2
   c - Ozocubu's Armour               Charms/Ice                   3
   d - Throw Icicle                   Conjuration/Ice              4
   e - Summon Ice Beast               Ice/Summoning                4
Comestibles
 c - 2 bread rations
 d - 2 fruits


   Skills:
 + Level 2.0 Dodging
 - Level 1.7 Stealth
 + Level 2.1 Spellcasting
 + Level 0.8 Conjurations
 + Level 3.1 Ice Magic


You had 2 spell levels left.
You knew the following spells:

 Your Spells              Type           Power        Failure   Level  Hunger
a - Freeze                Ice            ##..         6%          1    #......
b - Throw Frost           Conj/Ice       #.....       14%         2    ##.....


Dungeon Overview and Level Annotations

Branches:
Dungeon (2/15)

Annotations:
D:2 Robin


Innate Abilities, Weirdness & Mutations

You have an increased reservoir of magic. (+10% MP)


Message History

The adder barely misses you. The goblin hits you with a dagger.
The adder bites you. The goblin completely misses you.
A goblin comes into view. It is wielding a club.
The goblin shouts! x2
You hit the adder.
The adder is heavily wounded.
The goblin barely misses you. The adder closely misses you.
The goblin hits you.
You closely miss the adder.
The adder is heavily wounded.
The adder bites you. The goblin hits you but does no damage.
The goblin hits you. The adder bites you.
* * * LOW HITPOINT WARNING * * *
You are lethally poisoned!
The adder poisons you!
A goblin and a hobgoblin come into view.
It was a potion of haste.
You feel yourself speed up.
* * * LOW HITPOINT WARNING * * *
You feel sick. Robin hits you from afar with a spear.
You die...

######## #......#
#......#####
#......#...#
######......#...#
#.........).....#
#......##.......#####
#......##.......)...#
#...(........@g......
#####........Sg.###.#
#......###g##
####......# .g.
#.........##.....
##...............g
#......##.........g
#......# .....>....g
#......# .....


You could see Robin, an adder, 2 hobgoblins and 4 goblins.

Vanquished Creatures
  2 dart slugs (D:1)
  2 bats (D:1)
  A giant cockroach (D:1)
  2 goblins (D:1)
  3 hobgoblins
  A frilled lizard (D:1)
  A kobold (D:1)
  A rat (D:1)
13 creatures vanquished.

Notes
Turn   | Place    | Note
-------+----------+-------------------------------------------
     0 | D:1      | Inarius the Demigod Ice Elementalist began the quest for the Orb.
     0 | D:1      | Reached XP level 1. HP: 14/14 MP: 5/5
   453 | D:1      | Reached skill level 3 in Ice Magic
   554 | D:1      | Reached XP level 2. HP: 20/20 MP: 5/7
   561 | D:1      | Learned a level 2 spell: Throw Frost
   782 | D:1      | Found a glowing golden altar of the Shining One.
  1305 | D:2      | Noticed Robin
  1311 | D:2      | Slain by Robin

Skill      XL: |  1  2 |
---------------+-------+-----
Ice Magic      | 3 |  3.1
Dodging        | 2 |  2.0
Spellcasting   | 2 |  2.1
Stealth        | |  1.7
Conjurations   | |  0.8

Action                   || total
-------------------------++-------
Melee: Whip              ||    36
 Cast: Freeze            ||    10
       Throw Frost       ||     5
  Use: Potion            ||     1
 Stab: Sleeping          ||     4
  Eat: Chunk             ||     1
Armor: Robe              ||     4
       Leather armour    ||     2
Dodge: Dodged            ||    30
